 Dungeon Crawl Stone Soup version 0.29.1-12-g30fa7ad0bf (webtiles) character file.

Game seed: 11373999971309837836

51 FexLirch the Caller (level 3, -1/14 HPs)
             Began as a Felid Summoner on Dec 18, 2022.
             Was an Initiate of Zin.
             Slain by an iguana (15 damage)
             ... on level 4 of the Dungeon.
             The game lasted 00:14:24 (2990 turns).

FexLirch the Caller (Felid Summoner)                Turns: 2990, Time: 00:14:25

Health: -1/14      AC:  1    Str:  4    XL:     3   Next: 58%
Magic:  5/8        EV: 21    Int: 18    God:    Zin [......]
Gold:   61         SH:  0    Dex: 16    Spells: 2/8 levels left
                                        Lives:  0   Deaths: 1

rFire   . . .      SeeInvis +   (weapon unavailable)
rCold   + . .      Faith    .   (shield unavailable)
rNeg    . . .      Spirit   .   (body armour unavailable)
rPois   .          Reflect  .   (helmet unavailable)
rElec   .          Harm     .   (cloak unavailable)
rCorr   .          Rampage  .   (gloves unavailable)
Will    .....                   (boots unavailable)
Stlth   ++........              (no amulet)
HPRegen 0.04/turn               h - ring of protection from cold
MPRegen 0.11/turn               g - +4 ring of evasion

@: quick
A: very small, claws 1, fangs 3, see invisible, speed 1, shaggy fur 1, stealthy
paws, no weapons or thrown items, no armour, multi-lived
a: Renounce Religion, Donate Gold


You were on level 4 of the Dungeon.
You worshipped Zin.
Zin was noncommittal.
You visited 1 branch of the dungeon, and saw 4 of its levels.

You collected 117 gold pieces.
You spent 50 gold pieces at shops.
You donated 6 gold pieces to Zin.

Inventory:

Jewellery
 g - a +4 ring of evasion (right paw)
 h - a ring of protection from cold (left paw)
Scrolls
 b - 2 scrolls of vulnerability
 e - 2 scrolls of teleportation
 f - 2 scrolls of magic mapping {unknown}
 i - a scroll of poison {unknown}
 k - a scroll of summoning {unknown}
Potions
 a - 2 potions of magic
 c - a potion of flight {unknown}
 d - 2 potions of ambrosia
 j - a potion of curing {unknown}


   Skills:
 - Level 2.6 Dodging
 - Level 2.6 Stealth
 + Level 3.4 Spellcasting
 + Level 5.0 Summonings


You had 2 spell levels left.
You knew the following spells:

 Your Spells              Type           Power      Damage    Failure   Level
a - Summon Small Mammal   Summ           84%        N/A       1%          1
b - Call Imp              Summ           21%        N/A       3%          2
c - Call Canine Familiar  Summ           21%        N/A       6%          3

Your spell library contained the following spells:

 Spells                   Type           Power      Damage    Failure   Level
 Summon Guardian Golem    Hex/Summ       12%        N/A       17%         3
 Summon Lightning Spire   Summ/Air       12%        N/A       50%         4
 Borgnjor's Revivificati  Necr           1%         N/A       100%        8
 Necromutation            Tmut/Necr      1%         N/A       100%        8
 Death's Door             Necr           1%         N/A       100%        9


Dungeon Overview and Level Annotations

Branches:
Dungeon (4/15)
 Temple: D:4-7

Altars:
Cheibriados
Zin

Shops:
D:2 ?=(?

Annotations:
D:3 Natasha


Innate Abilities, Weirdness & Mutations

You have sharp claws.
You have razor-sharp teeth.
You have supernaturally acute eyesight. (SInv)
You cover ground quickly. (Speed+)
You are covered in fur. (AC +1)
Your paws help you pounce on unaware monsters.
You are incapable of wielding weapons or throwing items.
You cannot wear armour.
You gain extra lives every three experience levels.


Message History

Your quokka barely misses the ufetubus.
Your quokka bites the ufetubus but does no damage.
Your hound misses the ufetubus. The ufetubus hits your quokka.
Your quokka dies!
Your quokka's corpse disappears in a puff of smoke!
Your quokka closely misses the ufetubus.
Your hound bites the ufetubus.
There is a large open door here.
You swap places.
Your hound closely misses the ufetubus.
The ufetubus barely misses your hound. The ufetubus closely misses your hound.
There is a large open door here.
Your hound barely misses the ufetubus.
The ufetubus closely misses your hound. x2
Your hound bites the ufetubus.
The ufetubus hits your hound. The ufetubus barely misses your hound.
Your hound bites the ufetubus.
The ufetubus dies!
There is a stone staircase leading down here.
You start resting.
Your hound disappears in a puff of smoke!
Your quokka disappears in a puff of smoke!
Magic restored.
You start resting.
HP restored.
You climb downwards.
The orc wizard gestures at you while chanting.
You resist with some effort.
There is a stone staircase leading up here.
Casting: Summon Small Mammal (safe; 1% risk of failure)
Confirm with . or Enter, or press ? or * to list all spells.
The iguana hisses angrily.
The orc wizard mumbles some strange words.
The orc wizard flickers and vanishes for a moment.
The iguana hisses menacingly.
The orc wizard casts a spell at you. The puff of flame misses you.
Your hound closely misses the orc wizard.
Your hound closely misses the orc wizard.
The iguana bites you!
Ouch! That really hurt!
You die...

....###.. .........
.....#.. ##. #.... #####..
#... ...#.# ...####[o. #
#.#.##### ........##
#.###...#...####...####.##
#.......l@...#.... # #..
..#.....).o......#... ....
............h.#...........
..#...........#...........
..........................
..>.....#.................
..##....####.##......... .
. ........................
..##...####..[.........


You could see an iguana, an orc wizard (invisible, ally target) and a friendly
hound (summoned).

Vanquished Creatures
  A dart slug (D:4)
  A bat (D:2)
  A kobold (D:1)
  A rat (D:1)
4 creatures vanquished.

Vanquished Creatures (collateral kills)
  A hound (D:4)
  An adder (D:3)
  An ufetubus (D:3)
  A worm (D:2)
  2 dart slugs (D:1)
  3 orcs (D:4)
  4 ball pythons
  4 endoplasms (D:1)
  3 giant cockroaches
  2 goblins (D:1)
  3 hobgoblins
  5 quokkas
  3 bats (D:1)
  3 frilled lizards (D:1)
  A kobold (D:2)
  8 rats
45 creatures vanquished.

Grand Total: 49 creatures vanquished

Notes
Turn   | Place    | Note
-------+----------+-------------------------------------------
     0 | D:1      | FexLirch the Felid Summoner began the quest for the Orb.
     0 | D:1      | Reached XP level 1. HP: 7/7 MP: 4/4
   265 | D:1      | Reached XP level 2. HP: 11/11 MP: 1/6
   446 | D:1      | Learned a level 2 spell: Call Imp
   778 | D:1      | Reached XP level 3. HP: 14/14 MP: 6/8
   782 | D:1      | Learned a level 3 spell: Call Canine Familiar
  1346 | D:2      | Found Torov's Jewellery Boutique.
  1357 | D:2      | Found Atraoh's Weapon Shop.
  1435 | D:2      | Found a faded altar of an unknown god.
  1441 | D:2      | Found Naubyid's Magic Scroll Shoppe.
  1611 | D:2      | Noticed a nameless horror
  1695 | D:2      | Found Yliud's Magic Scroll Shoppe.
  1702 | D:2      | Bought a scroll of teleportation for 30 gold pieces
  1702 | D:2      | Bought a scroll of identify for 20 gold pieces
  2088 | D:3      | Noticed Natasha
  2289 | D:3      | Found a glowing silver altar of Zin.
  2293 | D:3      | Became a worshipper of Zin the Law-Giver
  2329 | D:3      | Found a snail-covered altar of Cheibriados.
  2556 | D:4      | Reached skill level 5 in Summonings
  2556 | D:4      | Reached XP level 4. HP: 18/18 MP: 0/9
  2591 | D:3      | Slain by an ufetubus
  2592 | D:3      | Reached XP level 3. HP: 0/14 MP: 0/8
  2990 | D:4      | Slain by an iguana

Illustrated notes

Levels and vault maps discovered:
D:1:      wander_arrival_desolate, layout_basic
D:2:      cheibrodos_helix_gallery, layout_basic, serial_shops,
          nicolae_shop_behind_doors, shop, shop, nicolae_shop_advertising_works
          [nicolae_subvault_shop_adworks],
          nicolae_shop_temple_entry_statues_fountains,
          ebering_ecumenical_altar_mist
D:3:      layout_basic, zin_scriptorium, mainiacjoe_overflow_tiny_flanked,
          uniq_natasha
D:4:      layout_rooms, minmay_hedge_maze, nrook_campfire, minmay_shop_damaged

Skill      XL: |  1  2  3 |
---------------+----------+-----
Spellcasting   | 3 |  3.4
Summonings     | 5 |  5.0
Dodging        | |  2.6
Stealth        | |  2.6

Action                   |  1- 3 |  4- 6 || total
-------------------------+-------+-------++-------
Melee: Unarmed           |     7 |     2 ||     9
       Bite              |     1 |     1 ||     2
 Cast: Summon Small Mamm |    58 |     1 ||    59
       Call Imp          |    18 |       ||    18
       Call Canine Famil |    10 |     1 ||    11
  Use: Scroll            |     3 |       ||     3
 Stab: Sleeping          |     1 |       ||     1
Dodge: Dodged            |     7 |    27 ||    34
